 Dungeon Crawl Stone Soup version 0.19.5 (webtiles) character file.

63 equalderp2856 the Scratcher (level 3, 0/17 HPs)
             Began as a Felid Fighter on Mar 7, 2017.
             Slain by a jackal (2 damage)
             ... on level 2 of the Dungeon.
             The game lasted 00:02:33 (1097 turns).

equalderp2856 the Scratcher (Felid Fighter)         Turns: 1097, Time: 00:02:34

Health: 0/17       AC:  1    Str: 13    XL:     3   Next: 87%
Magic:  4/4        EV: 19    Int:  9    God:
Gold:   105        SH:  0    Dex: 15    Spells: 0 memorised, 2 levels left
                                        Lives:  0   Deaths: 0

rFire  . . .     SeeInvis +       - Unarmed
rCold  . . .     Gourm    .     (armour unavailable)
rNeg   . . .     Faith    .     (shield unavailable)
rPois  .         Spirit   .     (helmet unavailable)
rElec  .         Reflect  .     (cloak unavailable)
rCorr  .         Harm     .     (gloves unavailable)
MR     .....                    (boots unavailable)
Stlth  ++........               (no amulet)
                                (no ring)
                                (no ring)

@: quick
A: no armour, no weapons or thrown items, stealth, claws 1, fangs 3, see
invisible, carnivore 3, speed 1, shaggy fur 1, slow metabolism 1, sharp paws
a: no special abilities


You were on level 2 of the Dungeon.
You were full.

You visited 1 branch of the dungeon, and saw 2 of its levels.

You collected 105 gold pieces.

Inventory:

Scrolls
 c - 2 scrolls of identify {unknown}
 e - a scroll of enchant armour {unknown}
 f - a scroll of immolation {unknown}
 h - a scroll of blinking {unknown}
 k - a scroll of recharging {unknown}
Potions
 a - a potion of might
 d - a potion of agility {unknown}
 g - a potion of magic {unknown}
 i - a potion of degeneration {unknown}
Comestibles
 b - a meat ration
 j - a bread ration


   Skills:
 + Level 3.4 Fighting
 + Level 4.5 Dodging
 + Level 0.4 Stealth
 + Level 4.9 Unarmed Combat


You had 2 spell levels left.
You didn't know any spells.

Dungeon Overview and Level Annotations

Branches:
Dungeon (2/15)

Altars:

Annotations:
D:2 Natasha


Innate Abilities, Weirdness & Mutations

You cannot wear armour.
You are incapable of wielding weapons or throwing items.
Your paws allow you to move quietly. (Stealth)
You have sharp claws.
You have razor-sharp teeth.
You have supernaturally acute eyesight. (SInv)
You are carnivorous and can eat meat at any time.
You cover ground quickly.
You are covered in fur. (AC +1)
You have a slow metabolism.
Your sharp claws are effective at attacking unaware monsters.


Message History

The bat hits you but does no damage. The bat barely misses you.
The bat misses you.
Natasha, Servant of Life and Death comes into view.
The bat misses you. The bat closely misses you. The jackal barely misses you.
There is an open door here.
The bat misses you. The bat barely misses you.
The jackal completely misses you. The bat misses you.
The bat closely misses you. As you open the door, it creaks loudly!
You hear a shout!
You hear an angry hiss.
The bat hits you.
* * * LOW HITPOINT WARNING * * *
The jackal closely misses you.
Found a peridot ring.
A goblin comes into view. It is wielding a dagger.
Natasha casts a spell.
The jackal misses you. The jackal bites you.
You die...

..........## #.......#
#.##.......##
#..##...#
#.........####...#...#
+.........5).h........
#..)......####...##.##
##......h## #..###.#
##..h..## #......#
##bhh## ##.##### ##@##
#.# #.# #.# #.# #.#
#.# #.# .=g #.# ...
#.# ..! #.# #.).. #.#
..#


You could see Natasha, a white imp, 3 jackals, a goblin (wandering) and a bat.

Vanquished Creatures
  Natasha (D:2)
  2 adders (D:2)
  A leopard gecko (D:2)
  A giant cockroach (D:1)
  4 goblins (D:1)
  2 hobgoblins
  4 kobolds
  2 frilled lizards (D:1)
  2 rats
19 creatures vanquished.

Notes
Turn   | Place    | Note
-------+----------+-------------------------------------------
     0 | D:1      | equalderp2856 the Felid Fighter began the quest for the Orb.
     0 | D:1      | Reached XP level 1. HP: 10/10 MP: 2/2
   269 | D:1      | Reached XP level 2. HP: 8/14 MP: 3/3
   839 | D:2      | Reached XP level 3. HP: 17/17 MP: 4/4
  1072 | D:2      | Noticed Natasha
  1080 | D:2      | Killed Natasha
  1090 | D:2      | Noticed Natasha
  1097 | D:2      | Slain by a jackal

Action                   || total
-------------------------++-------
Melee: Unarmed           ||    43
       Bite              ||     5
 Stab: Sleeping          ||     2
  Eat: Chunk             ||     5
Armor: Skin              ||     3
Dodge: Dodged            ||    44
